 Dungeon Crawl Stone Soup version 0.30-b1-2-g02819fbbbe (webtiles) character file.

Game seed: 3056082109806206022

68 nightchill the Caller (level 4, -2/33 HPs)
             Began as a Barachi Summoner on Jan 14, 2024.
             Killed from afar by an orc wizard (7 damage)
             ... with a puff of flame
             ... on level 4 of the Dungeon.
             The game lasted 00:09:13 (2887 turns).

nightchill the Caller (Barachi Summoner)            Turns: 2887, Time: 00:09:14

Health: -2/33      AC:  2    Str:  9    XL:     4   Next: 19%
Magic:  5/8        EV: 12    Int: 18    God:
Gold:   208        SH:  0    Dex: 12    Spells: 5/8 levels left

rFire   . . .        d - +0 dagger
rCold   . . .        (no shield)
rNeg    . . .        a - +0 robe
rPois   .            (no helmet)
rElec   .            (no cloak)
rCorr   .            (no gloves)
SInv    .            (no boots)
Will    .....        (no amulet)
Stlth   ++           (no ring)
HPRegen 0.25/turn    (no ring)
MPRegen 0.11/turn

%: no passive effects
@: slow
A: amphibious, slowness 1, strong legs 1, +LOS
a: Hop


You were on level 4 of the Dungeon.
You visited 1 branch of the dungeon, and saw 4 of its levels.

You collected 208 gold pieces.

Inventory:

Hand Weapons
 d - a +0 dagger (weapon)
 u - the +7 war axe of the Hurling Badger {pain, rElec}
   (You found it on level 3 of the Dungeon)

   rElec:     It insulates you from electricity.
Armour
 a - a +0 robe (worn)
 c - an orb of mayhem
Jewellery
 o - a ring of fire
 r - a +5 ring of evasion
Scrolls
 e - 5 scrolls of identify {unknown}
 f - a scroll of blinking {unknown}
 i - a scroll of teleportation {unknown}
 j - 4 scrolls of vulnerability {unknown}
 l - a scroll of enchant weapon {unknown}
 n - 3 scrolls of enchant armour {unknown}
 p - a scroll of noise {unknown}
 q - a scroll of amnesia {unknown}
 s - a scroll of fear {unknown}
Potions
 b - a potion of magic
 g - 2 potions of flight {unknown}
 h - 3 potions of brilliance {unknown}
 k - 2 potions of curing {unknown}
 m - 2 potions of haste {unknown}
 t - 2 potions of degeneration {unknown}


   Skills:
 + Level 2.0 Fighting
 - Level 2.1 Dodging
 - Level 1.7 Stealth
 + Level 2.8 Spellcasting
 * Level 5.9 Summonings


You had 5 spell levels left.
You knew the following spells:

 Your Spells              Type           Power      Damage    Failure   Level
a - Summon Small Mammal   Summ           92%        N/A       1%          1
b - Call Imp              Summ           46%        N/A       2%          2

Your spell library contained the following spells:

 Spells                   Type           Power      Damage    Failure   Level
 Call Canine Familiar     Summ           23%        N/A       4%          3
 Summon Guardian Golem    Hex/Summ       13%        N/A       14%         3
 Magic Dart               Conj           8%         1d3       17%         1
 Sandblast                Erth           4%         2d4       17%         1
 Ensorcelled Hibernation  Hex/Ice        4%         N/A       26%         2
 Lesser Beckoning         Tloc           4%         N/A       26%         2
 Passwall                 Tmut/Erth      1%         N/A       26%         2
 Poisonous Vapours        Pois/Air       4%         N/A       26%         2
 Searing Ray              Conj           4%         2d4       26%         2
 Summon Lightning Spire   Summ/Air       13%        N/A       43%         4
 Gell's Gravitas          Tloc           2%         N/A       45%         3
 Mephitic Cloud           Conj/Pois/Air  2%         N/A       45%         3
 Spider Form              Tmut/Pois      2%         N/A       45%         3
 Stone Arrow              Conj/Erth      4%         3d7       45%         3
 Teleport Other           Tloc           2%         N/A       45%         3
 Tukima's Dance           Hex            2%         N/A       45%         3
 Anguish                  Hex/Necr       1%         N/A       86%         4
 Fulminant Prism          Conj/Hex       1%         3d5       86%         4
 Passage of Golubria      Tloc           2%         N/A       86%         4
 Freezing Cloud           Conj/Ice/Air   1%         6-21      99%         5
 Yara's Violent Unravell  Hex/Tmut       1%         3d3       99%         5


Dungeon Overview and Level Annotations

Branches:
Dungeon (4/15)
 Temple: D:4-7

Altars:
Okawaru
Xom
Yredelemnul

Shops:
D:3 ?


Innate Abilities, Weirdness & Mutations

You are amphibious.
You cover ground slowly.
You can hop short distances.
You have an extended range of vision and can be seen from far away.


Message History

You hear some strange, mumbled words.
Your cerulean imp easily resists.
Your quokka misses something.
Your quokka closely misses something.
Something hits your cerulean imp.
Your quokka barely misses something.
A magic dart appears from out of thin air!
The magic dart hits your cerulean imp!
Your quokka closely misses something.
Something hits your cerulean imp.
Your quokka barely misses something.
Your quokka disappears in a puff of smoke!
Something hits your cerulean imp.
You hear some strange, mumbled words.
A puff of flame appears from out of thin air!
The puff of flame misses your cerulean imp.
The puff of flame misses you.
Something barely misses your cerulean imp.
Something hits your cerulean imp.
Your cerulean imp dies!
Your cerulean imp disappears in a puff of smoke!
Casting: Summon Small Mammal (safe; 1% risk of failure)
Confirm with . or Enter, or press ? or * to list all spells.
A tiny devil pulls itself out of the air.
Something barely misses your quokka.
You swap places.
A magic dart appears from out of thin air!
The magic dart hits your quokka!
Your quokka dies!
Your quokka's corpse disappears in a puff of smoke!
A magic dart appears from out of thin air!
The magic dart hits your cerulean imp!
A puff of flame appears from out of thin air!
The puff of flame hits your cerulean imp.
Your cerulean imp dies!
Your cerulean imp disappears in a puff of smoke!
A magic dart appears from out of thin air!
The magic dart hits you.
* * * LOW HITPOINT WARNING * * *
A puff of flame appears from out of thin air!
The puff of flame hits you!
You die...

..#####..##
.......[)$#
#)†# ##..#
#.{.# #.#.#
#.#...
#.#?###
#@#.#
#.#........
#.#
#.######
#.. ....
... _....
#... #...#
##. ...# #.
...# # ..#


There were no monsters in sight!

Vanquished Creatures
  An adder zombie (D:3)
  A dart slug (D:1)
  3 ball pythons
  An endoplasm (D:1)
  A giant cockroach (D:3)
  A hobgoblin (D:3)
  2 bats
  2 frilled lizards (D:2)
  2 goblins (D:3)
  2 kobolds (D:2)
  A rat (D:1)
17 creatures vanquished.

Vanquished Creatures (collateral kills)
  An adder (D:4)
  A worm (D:2)
  2 dart slugs (D:2)
  2 orcs (D:4)
  2 endoplasms (D:1)
  A giant cockroach (D:2)
  3 goblins
  3 hobgoblins
  3 ball pythons
  A bat (D:1)
  3 frilled lizards
  A jackal zombie (D:3)
  4 kobolds
27 creatures vanquished.

Grand Total: 44 creatures vanquished

Notes
Turn   | Place    | Note
-------+----------+-------------------------------------------
     0 | D:1      | nightchill the Barachi Summoner began the quest for the
                  | Orb.
     0 | D:1      | Reached XP level 1. HP: 13/13 MP: 3/3
   235 | D:1      | Reached skill level 5 in Summonings
   273 | D:1      | Reached XP level 2. HP: 20/20 MP: 3/5
   276 | D:1      | Learned a level 2 spell: Call Imp
   599 | D:1      | Found a faded altar of an unknown god.
   687 | D:1      | Reached skill level 1 in Fighting
  1289 | D:2      | Reached XP level 3. HP: 26/26 MP: 0/6
  2087 | D:3      | Found an iron altar of Okawaru.
  2314 | D:3      | Found a basalt altar of Yredelemnul.
  2493 | D:3      | Identified the +7 war axe of the Hurling Badger {pain,
                  | rElec}
  2647 | D:3      | Found The Oracle's Delphic Readings.
  2853 | D:4      | Reached XP level 4. HP: 24/33 MP: 5/8
  2861 | D:4      | Found a shimmering altar of Xom.
  2887 | D:4      | Killed from afar by an orc wizard

Illustrated notes

Levels and vault maps discovered:
D:1:      lightli_arrival_flooded_house, layout_loops_cross,
          hellmonk_ecumenical_altar_heavens_door, nicolae_figureground_sparkle
D:2:      layout_loops_ring
D:3:      layout_basic, mainiacjoe_overflow_cross_hatched,
          lemuel_zombie_altar_yredelemnul, nicolae_nh_oracle_at_delphi,
          uniq_crazy_yiuf_cottage
D:4:      layout_loops_ring, grunt_temple_overflow_order_and_chaos_1,
          kennysheep_little_box

Skill      XL: |  1  2  3  4 |
---------------+-------------+-----
Summonings     | 5 |  5.9
Fighting       | 1 2 |  2.0
Dodging        | |  2.1
Stealth        | |  1.7
Spellcasting   | |  2.8

Action                     |  1- 3 |  4- 6 || total
---------------------------+-------+-------++-------
  Melee: Dagger            |   104 |    16 ||   120
         Punch             |     1 |       ||     1
   Cast: Summon Small Mamm |     9 |     2 ||    11
         Call Imp          |    17 |     1 ||    18
Ability: Hop               |     2 |       ||     2
   Stab: Sleeping          |     2 |       ||     2
 Armour: Robe              |    30 |     4 ||    34
  Dodge: Dodged            |    74 |     6 ||    80
